 Dungeon Crawl Stone Soup version 0.24.0-5-g267a8d59f4 (webtiles) character file.

Game seed: 5349161891325290930, levelgen mode: deterministic

4104 Aelig the Jinx (level 10, -1/52 HPs)
             Began as a Vampire Enchanter on Nov 1, 2019.
             Was a Follower of Kikubaaqudgha.
             Slain by an orc warrior
             ... wielding a +0 short sword
              (5 damage)
             ... while petrified by a basilisk
             ... on level 9 of the Dungeon.
             The game lasted 00:35:18 (8423 turns).

Aelig the Jinx (Vampire Enchanter)                  Turns: 8423, Time: 00:35:19

Health: -1/52      AC:  5    Str:  7    XL:     10   Next: 6%
Magic:  20/22      EV:  2    Int: 21    God:    Kikubaaqudgha [*.....]
Gold:   543        SH:  0    Dex: 15    Spells: 3/13 levels left

rFire    . . .     SeeInvis +   a - +1 short sword (elec)
rCold    + + .     Gourm    .   (no shield)
rNeg     + + +     Faith    .   b - +0 robe
rPois    ∞         Spirit   .   w - +0 helmet (curse)
rElec    .         Reflect  .   f - +1 cloak
rCorr    .         Harm     .   (no gloves)
MR       +....                  (no boots)
Stlth    +++++.....             (no amulet)
HPRegen  0.00/turn              j - ring of magical power
MPRegen  0.18/turn              (no ring)

@: petrified, bloodless, regenerating quickly
A: no food, fangs 3, see invisible, unbreathing
a: Bat Form, Revivify, Receive Corpses, Renounce Religion


You were on level 9 of the Dungeon.
You worshipped Kikubaaqudgha.
Kikubaaqudgha was aware of your devotion.
You were bloodless.

You visited 2 branches of the dungeon, and saw 10 of its levels.

You collected 543 gold pieces.

Inventory:

Hand Weapons
 a - a +1 short sword of electrocution (weapon)
Missiles
 o - 15 javelins (quivered)
Armour
 b - a +0 robe (worn)
 f - a +1 cloak (worn)
 w - a cursed +0 helmet (worn)
Jewellery
 j - a ring of magical power (left hand)
Wands
 h - a wand of paralysis (13)
 r - a wand of enslavement (10)
Scrolls
 e - 2 scrolls of fog
 g - a scroll of amnesia
 i - 5 scrolls of enchant weapon
 p - 2 scrolls of blinking {unknown}
 s - 11 scrolls of identify
 u - a scroll of random uselessness {unknown}
 v - 5 scrolls of remove curse
 x - 2 scrolls of fear {unknown}
 y - a scroll of vulnerability {unknown}
 z - 2 scrolls of magic mapping
 B - a scroll of enchant armour
Potions
 c - 2 potions of resistance
 d - a potion of brilliance
 k - 4 potions of magic
 l - 3 potions of heal wounds
 m - 7 potions of curing
 n - a potion of agility
 q - a potion of might
 t - 2 potions of haste {unknown}
 A - a potion of berserk rage {unknown}


   Skills:
 + Level 1.1 Fighting
 - Level 10.0 Short Blades
 - Level 2.1 Dodging
 + Level 6.9 Stealth
 - Level 2.0 Spellcasting
 - Level 12.1 Hexes
 + Level 5.4 Necromancy
 - Level 4.3 Ice Magic


You had 3 spell levels left.
You knew the following spells:

 Your Spells              Type           Power        Failure   Level  Hunger
a - Corona                Hex            ######.      1%          1    N/A
b - Ensorcelled Hibernat  Hex/Ice        #####.       1%          2    N/A
c - Confuse               Hex            ######..     1%          3    N/A
d - Animate Skeleton      Necr           N/A          1%          1    N/A
t - Tukima's Dance        Hex            ######..     1%          3    N/A

Your spell library contained the following spells:

 Spells                   Type           Power        Failure   Level  Hunger
 Confusing Touch          Hex            ######       1%          1    N/A
 Pain                     Necr           ####         1%          1    N/A
 Sublimation of Blood     Necr           ####......   2%          2    N/A
 Dazzling Spray           Conj/Hex       ####..       3%          3    N/A
 Apportation              Tloc           #.....       14%         1    N/A
 Summon Small Mammal      Summ           #...         14%         1    N/A
 Regeneration             Chrm/Necr      ##........   14%         3    N/A

Dungeon Overview and Level Annotations

Branches:
Dungeon (9/15)             Temple (1/1) D:6
   Lair: D:8-11         Orc: D:9-12

Altars:
Ashenzari
Cheibriados
Dithmenos
Elyvilon
Fedhas
Gozag
Hepliaklqana
Kikubaaqudgha
Makhleb
Nemelex Xobeh
Okawaru
Qazlal
Ru
Sif Muna
Trog
Uskayaw
Vehumet
Wu Jian
Xom
Yredelemnul
Zin
The Shining One

Annotations:
D:4 1 runed translucent door, TheWoodenMan's ghost, amateur MiFi


Innate Abilities, Weirdness & Mutations

You do not eat.
You do not regenerate when monsters are visible.
You are frail without blood (-20% HP).
You can heal yourself when you bite living creatures.
You are immune to poison.
You have razor-sharp teeth.
You have supernaturally acute eyesight. (SInv)
You can survive without breathing.


Message History

The basilisk appears confused.
A jumping spider comes into view.
Your limbs are stiffening.
Unknown command.
The fire crab falls off the wall.
The jumping spider changes into a fire crab!
The basilisk closely misses you.
The orc warrior hits you with a +0 short sword!
The basilisk bites you!
You have turned to stone.
The faun shouts!
The orc warrior hits you with a +0 short sword!
The basilisk bites you. The komodo dragon bites you!
An adder zombie comes into view.
The orc warrior hits you with a +0 short sword!
* * * LOW HITPOINT WARNING * * *
The komodo dragon bites you!!
* * * LOW HITPOINT WARNING * * *
The orc warrior hits you with a +0 short sword!
You die...
Kikubaaqudgha rasps: "You have failed me!
Welcome... oblivion!"

#.........#
##..#
#.#.......#
#....
########.....#
#.... ..#..
#.....# #....
.Z.. #.....#
#.... #..
#.....# #....
# ##t##.#####
#####
#[.$#..o#.#
+..c#..l@.#
#).[#...### #
##l## #.. #..
#.. ###


You could see a fire crab shaped shifter, a faun, a komodo dragon, a basilisk
(confused), an orc warrior and an adder zombie (wandering).

Vanquished Creatures
  Grinder (D:6)
  A wyvern (D:7)
  A hungry ghost (D:7)
  A water moccasin (D:7)
  Duvessa (D:4)
  5 sky beasts
  2 black bears
  3 orc warriors
  3 ice beasts
  An eye of draining (D:9)
  An ogre (D:5)
  A phantom (D:3)
  4 centaurs
  A gnoll sergeant (D:9)
  2 bullfrogs
  Dowan (D:4)
  A water moccasin skeleton (D:9)
  A scorpion (D:4)
  3 killer bees (D:7)
  2 howler monkeys (D:9)
  A bullfrog zombie (D:9)
  4 crimson imps
  2 hounds
  A quasit (D:9)
  A centaur zombie (D:9)
  An orc priest (D:8)
  3 orc wizards
  2 bullfrog skeletons
  2 iguanas
  Ijyb (D:4)
  9 worker ants
  2 killer bee zombies (D:6)
  2 worker ant zombies
  7 gnolls
  8 adders
  3 shadow imps
  2 oozes
  A worm (D:2)
  3 dart slugs
  6 leopard geckos
  22 orcs
  4 giant cockroaches
  11 goblins
  8 hobgoblins
  12 jackals
  6 kobolds
  4 quokkas
  10 bats
  5 frilled lizards
  2 jackal skeletons
  A leopard gecko zombie (D:5)
  5 rats
187 creatures vanquished.

Vanquished Creatures (collateral kills)
  2 gnolls (D:9)
2 creatures vanquished.

Grand Total: 189 creatures vanquished

Notes
Turn   | Place    | Note
-------+----------+-------------------------------------------
     0 | D:1      | Aelig the Vampire Enchanter began the quest for the Orb.
     0 | D:1      | Reached XP level 1. HP: 13/13 MP: 3/3
   149 | D:1      | Reached skill level 5 in Hexes
   206 | D:1      | Reached XP level 2. HP: 11/19 MP: 1/5
   407 | D:1      | Learned a level 2 spell: Ensorcelled Hibernation
   772 | D:2      | Reached XP level 3. HP: 24/24 MP: 3/6
   777 | D:2      | Learned a level 3 spell: Confuse
   823 | D:2      | Reached skill level 6 in Hexes
   875 | D:2      | Reached skill level 1 in Ice Magic
  1083 | D:2      | Found a glowing silver altar of Zin.
  1083 | D:2      | Found an ornate altar of the Wu Jian Council.
  1092 | D:2      | Found a snail-covered altar of Cheibriados.
  1092 | D:2      | Found a hazy altar of Hepliaklqana.
  1131 | D:2      | Found a basalt altar of Yredelemnul.
  1591 | D:3      | Reached XP level 4. HP: 30/30 MP: 7/7
  1594 | D:3      | Found a blossoming altar of Fedhas.
  1797 | D:3      | Found a sparkling altar of Nemelex Xobeh.
  2074 | D:3      | Reached skill level 7 in Hexes
  2470 | D:3      | Reached XP level 5. HP: 28/35 MP: 3/8
  2635 | D:4      | Found a runed translucent door.
  2636 | D:4      | Noticed TheWoodenMan's ghost (amateur MiFi)
  2678 | D:4      | Noticed Dowan
  2678 | D:4      | Noticed a phantom
  2934 | D:4      | Reached skill level 5 in Stealth
  3065 | D:3      | Killed a phantom
  3065 | D:3      | Reached skill level 8 in Hexes
  3065 | D:3      | Reached XP level 6. HP: 34/41 MP: 9/9
  3235 | D:4      | Noticed Duvessa
  3270 | D:4      | Killed Duvessa
  3275 | D:4      | Killed Dowan
  3275 | D:4      | Reached XP level 7. HP: 36/46 MP: 10/10
  3462 | D:4      | Noticed Ijyb
  3471 | D:4      | Killed Ijyb
  3528 | D:5      | Entered Level 5 of the Dungeon
  3668 | D:5      | Learned a level 1 spell: Animate Skeleton
  3843 | D:5      | Reached skill level 9 in Hexes
  3843 | D:5      | Reached skill level 1 in Necromancy
  4172 | D:5      | Found a sparkling altar of Nemelex Xobeh.
  4351 | D:6      | Learned a level 3 spell: Tukima's Dance
  4602 | D:6      | Reached XP level 8. HP: 42/52 MP: 11/11
  4998 | D:6      | Reached skill level 10 in Hexes
  5190 | D:6      | Noticed Grinder
  5530 | D:7      | Reached skill level 5 in Short Blades
  5652 | D:7      | Found a shimmering blue altar of Sif Muna.
  5779 | D:7      | Reached skill level 11 in Hexes
  5779 | D:7      | Reached skill level 5 in Necromancy
  6161 | D:7      | Reached XP level 9. HP: 45/45 MP: 12/12
  6959 | D:8      | Found a white marble altar of Elyvilon.
  7325 | D:6      | Killed Grinder
  7325 | D:6      | Reached skill level 12 in Hexes
  7340 | D:6      | Found a staircase to the Ecumenical Temple.
  7349 | Temple   | Entered the Ecumenical Temple
  7501 | Temple   | Became a worshipper of Kikubaaqudgha
  8148 | D:9      | Reached skill level 10 in Short Blades
  8157 | D:9      | Reached * piety under Kikubaaqudgha
  8157 | D:9      | Identified Kikubaaqudgha's Collected Works on Sinister Arts
                  | (Kikubaaqudgha gifted it to you on level 9 of the Dungeon)
  8157 | D:9      | Received a gift from Kikubaaqudgha
  8205 | D:9      | Reached XP level 10. HP: 51/51 MP: 12/13
  8298 | D:9      | Reached skill level 1 in Fighting
  8416 | D:9      | Noticed a faun
  8420 | D:9      | Noticed a fire crab
  8420 | D:9      | a jumping spider changed into a fire crab
  8423 | D:9      | Slain by an orc warrior

Levels and vault maps discovered:
D:1:      lightli_arrival_statue_moat, layout_rooms
D:2:      layout_rooms, grunt_temple_overflow_open, nrook_loot_triangle
D:3:      layout_loops_corners, nemelex_xobeh_ov_fountains_minmay,
          old_standard_altar, serial_park_tiny_pond
D:4:      layout_cave_pools, gammafunk_ghost_grave, uniq_ijyb, uniq_duvessa
D:5:      layout_basic, first_ration, nemelex_dance_club_becter
D:6:      layout_loops_ring, lemuel_temple_firewalk_a, serial_bayou_pond_d,
          uniq_grinder
D:7:      layout_loops_ring, lemuel_round_altar
D:8:      layout_loops_ring, elyvilon_altar_1
D:9:      layout_rooms, grunt_pizzeria, minmay_evil_grid
Temple:   dshaligram_water_room_temple

Skill      XL: |  1  2  3  4  5  6  7  8  9 10 |
---------------+-------------------------------+-----
Hexes          | 5 6 7 8 9 11 12 | 12.1
Ice Magic      | 1 2 3 4 |  4.3
Stealth        | 5 6 |  6.9
Short Blades   | 3 5 10 | 10.0
Necromancy     | 2 5 |  5.4
Fighting       | 1 |  1.1
Dodging        | |  2.1
Spellcasting   | |  2.0

Action                   |  1- 3 |  4- 6 |  7- 9 | 10-12 || total
-------------------------+-------+-------+-------+-------++-------
Melee: Dagger            |   206 |   110 |   377 |     5 ||   698
       Bite              |    13 |    11 |    26 |       ||    50
       Short sword       |       |       |       |     2 ||     2
 Cast: Corona            |    43 |    10 |     7 |       ||    60
       Ensorcelled Hiber |     3 |    14 |    71 |     5 ||    93
       Confuse           |     1 |     8 |    32 |     1 ||    42
       Tukima's Dance    |       |       |     1 |       ||     1
 Abil: Exsanguinate      |       |       |     1 |       ||     1
  Use: Scroll            |       |     9 |     5 |       ||    14
       Potion            |       |       |     1 |       ||     1
 Stab: Sleeping          |     5 |    13 |    64 |     7 ||    89
       Confused          |     1 |     8 |    22 |       ||    31
Armor: Robe              |    70 |    24 |    78 |     1 ||   173
Dodge: Dodged            |   181 |    74 |   195 |     2 ||   452
